 Dungeon Crawl Stone Soup version 0.32-a0-918-g0f22ef8d61 (webtiles) character file.

Game seed: 9600135014710626193

194 retardedninja the Trooper (level 5, -5/43 HPs)
             Began as a Coglin Fighter on Apr 11, 2024.
             Killed by divine providence
             ... invoked by an orc priest
              (14 damage)
             ... on level 3 of the Dungeon.
             The game lasted 00:03:06 (1941 turns).

retardedninja the Trooper (Coglin Fighter)          Turns: 1941, Time: 00:03:07

Health: -5/43      AC:  8    Str: 18    XL:     5   Next: 73%
Magic:  5/5        EV:  8    Int:  8    God:
Gold:   139        SH:  0    Dex: 13    Spells: 4/4 levels left

rFire   . . .        a - +0 war axe {Junzo}
rCold   . . .        h - +0 mace {Jia}
rNeg    . . .        b - +0 scale mail
rPois   .            (no helmet)
rElec   .            i - +0 cloak
rCorr   .            (no gloves)
SInv    .            (no boots)
Will    .....        (amulet unavailable) Stlth
                     (ring unavailable)
HPRegen 0.27/turn    (ring unavailable)
MPRegen 0.09/turn    (no gizmo)

%: no passive effects
@: revved
A: off-hand wielding, slow wielding, warmup strikes, no jewellery
a: Invent Gizmo, Convert to Beogh


You were on level 3 of the Dungeon.
You visited 1 branch of the dungeon, and saw 3 of its levels.

You collected 139 gold pieces.

Inventory:

Hand Weapons
 a - a +0 war axe (weapon) {Junzo}
 h - a +0 mace (offhand) {Jia}
Armour
 b - a +0 scale mail (worn)
 d - a +0 helmet
 i - a +0 cloak (worn)
Scrolls
 f - 3 scrolls of identify {unknown}
 g - a scroll of enchant weapon {unknown}
 k - a scroll of revelation {unknown}
 m - a scroll of noise {unknown}
 o - a scroll of amnesia {unknown}
Potions
 c - a potion of haste {unknown}
 j - a potion of attraction {unknown}
 l - a potion of cancellation {unknown}
 n - a potion of invisibility {unknown}


   Skills:
 * Level 4.5 Fighting
 * Level 3.9 Axes
 + Level 3.4 Armour
 - Level 2.2 Shields


You had 4 spell levels left.
You didn't know any spells.
Your spell library was empty.

Dungeon Overview and Level Annotations

Branches:
Dungeon (3/15)

Altars:

Shops:
D:1 *


Innate Abilities, Weirdness & Mutations

You can wield a second weapon in your off-hand.
It takes a long time for you to wield or remove held weapons.
Your first few attacks do less damage.
You cannot equip rings or amulets.


Message History

The iguana is almost dead.
You closely miss the iguana with your +0 mace.
The iguana bites you but does no damage.
You barely miss the iguana with your +0 mace.
The iguana is almost dead.
You barely miss the iguana with your +0 war axe.
The iguana barely misses you.
The orc priest looks satisfied for a moment.
The iguana completely misses you.
Unknown command.
You barely miss the iguana with your +0 mace.
The iguana is almost dead.
You hit the iguana with your +0 war axe.
You kill the iguana!
The orc priest calls down the wrath of Beogh upon you.
Beogh smites you!
The orc throws a boomerang.
The boomerang barely misses you. The orc priest barely misses you.
The orc closely misses you.
Items here: )) [ †††.
The orc priest threatens, "Beogh's wrath is as vast as their mercy.
Make your choice!"
You hit the orc priest but do no damage.
You hit the orc with your +0 war axe.
You hit the orc priest with your +0 mace.
The orc priest closely misses you. The orc closely misses you.
You hit the orc priest with your +0 war axe.
The orc priest is severely wounded.
You completely miss the orc with your +0 war axe.
You hit the orc priest but do no damage.
The orc priest calls upon Beogh to heal the orc.
The orc's wounds heal themselves!
The orc hits you with a +0 falchion.
* * * LOW HITPOINT WARNING * * *
You hit the orc priest but do no damage.
The orc priest is severely wounded.
You hit the orc priest but do no damage.
You hit the orc with your +0 war axe.
The orc priest shouts, "Beogh offers mercy even to people such as you.
Join us and be reborn!"
The orc priest closely misses you. The orc closely misses you.
The orc hits you but does no damage.
The orc priest mumbles some strange prayers to Beogh against you.
Beogh smites you!
You die...

........# #.......# .
#.......# ..##....... ........
#..... #.oo# #@## #####..####
#.........# ###.###~###.#
#......# #...#.#≈#.#
.!##.##.#.##
.##.###.###.#≈#.###.#.........
............#≈#.....#........#
.##.#.#.###.#≈#.###.#........#
#.#...#.#≈#.#...#.........


You could see an orc priest and an orc.

Vanquished Creatures
  An orc priest (D:3)
  An iguana (D:3)
  Robin (D:3)
  4 adders
  3 dart slugs
  A ribbon worm (D:3)
  6 orcs
  8 endoplasms
  A giant cockroach (D:2)
  7 hobgoblins
  2 jackals (D:2)
  5 kobolds (D:1)
  2 quokkas
  3 ball pythons (D:2)
  5 bats
  3 frilled lizards
  17 goblins
  5 rats
75 creatures vanquished.

Notes
Turn   | Place    | Note
-------+----------+-------------------------------------------
     0 | D:1      | retardedninja the Coglin Fighter began the quest for the
                  | Orb.
     0 | D:1      | Reached XP level 1. HP: 18/18 MP: 1/1
   338 | D:1      | Reached XP level 2. HP: 24/24 MP: 2/2
   478 | D:1      | Found Cowacsufie's Assorted Antiques.
   528 | D:1      | Reached XP level 3. HP: 28/29 MP: 3/3
  1097 | D:2      | Reached XP level 4. HP: 37/37 MP: 4/4
  1783 | D:3      | Reached skill level 4 in Fighting
  1786 | D:3      | Noticed Robin
  1792 | D:3      | Killed Robin
  1794 | D:3      | Reached XP level 5. HP: 25/42 MP: 5/5
  1941 | D:3      | Killed from afar by an orc priest

Illustrated notes

Levels and vault maps discovered:
D:1:      lemuel_arrival_rhombus, layout_basic, serial_shops,
          nicolae_shop_crystal
D:2:      layout_loops_ring
D:3:      layout_loops_cross, grunt_decor_cap, minmay_misc_feat_more_columns,
          uniq_robin

Skill      XL: |  1  2  3  4 |
---------------+-------------+-----
Armour         | 3 |  3.4
Axes           | 3 |  3.9
Fighting       | 4 |  4.5
Shields        | |  2.2

Action                     |  1- 3 |  4- 6 || total
---------------------------+-------+-------++-------
  Melee: War axe           |    67 |    57 ||   124
         Mace              |    44 |    49 ||    93
    Use: Potion            |       |     3 ||     3
 Armour: Scale mail        |    45 |    58 ||   103
  Dodge: Dodged            |    33 |    29 ||    62
  Block: Buckler           |     7 |       ||     7

Table legend: (Time is in decaauts)
 A = Elapsed time spent in this place.
 B = Non-inter-level travel time spent in this place.
 C = Inter-level travel time spent in this place.
 D = Time resting spent in this place.
 E = Time spent auto-exploring this place.
 F = Levels seen in this place.
 G = Mean time per level.
                   A        B        C        D        E       F      G
               +--------+--------+--------+--------+--------+-----+--------+
         Total |   1989 |   1953 |     36 |      0 |   1557 |   3 |  663.0 |
       Dungeon |   1989 |   1953 |     36 |      0 |   1557 |   3 |  663.0 |
               +--------+--------+--------+--------+--------+-----+--------+

Top non-repeatable levels by time:
     D:1: 882 daAuts
     D:2: 781 daAuts
     D:3: 325 daAuts
